 Dungeon Crawl Stone Soup version 0.30-a0-772-g5528072125 (webtiles) character file.

Game seed: 14531639979501574201

24053 bande the Cleaver (level 13, -1/80 HPs)
             Began as a Gargoyle Fighter on Feb 12, 2023.
             Was the Champion of Okawaru.
             Slain by an eight-headed hydra (5 damage)
             ... on level 4 of the Lair of Beasts on Feb 13, 2023.
             The game lasted 00:35:29 (15904 turns).

bande the Cleaver (Gargoyle Fighter)               Turns: 15904, Time: 00:35:30

Health: -1/80      AC: 38    Str: 22    XL:     13   Next: 10%
Magic:  19/19      EV:  6    Int: 14    God:    Okawaru [******]
Gold:   1438       SH: 10    Dex: 11    Spells: 12/12 levels left

rFire   + . .      SeeInvis .    B - +1 scimitar (flame)
rCold   . . .      Faith    .    c - +0 buckler
rNeg    + . .      Spirit   .    L - +2 plate armour {Will+}
rPois   ∞          Reflect  +    Q - +0 helmet
rElec   +          Harm     .    q - scarf {repulsion}
rCorr   .          Rampage  .    b - +2 pair of gloves {hurl}
Will    +....                    (no boots) Stlth
                                 j - amulet "Nakycw" {Reflect rPois rF+ Str+3 Int+3 SH+5}
HPRegen 0.33/turn                l - +4 ring of protection
MPRegen 0.16/turn                u - ring of flight

@: flying, repel missiles
A: sickness immunity, AC +9, negative energy resistance 1, electricity
resistance, torment resistance 1, petrification resistance, iridescent scales 2,
clumsy 1, deterioration 1
a: Renounce Religion, Heroism, Finesse, Duel


You were on level 4 of the Lair of Beasts.
You worshipped Okawaru.
Okawaru was exalted by your worship.
You visited 3 branches of the dungeon, and saw 16 of its levels.
You also visited: Sewer, Ossuary and Gauntlet.

You collected 1978 gold pieces.
You spent 540 gold pieces at shops.

Inventory:

Hand Weapons
 a - a +1 spectral war axe
 y - a +1 broad axe of venom
 B - a +1 scimitar of flaming (weapon)
 I - the +8 storm bow {elec, penet}
   (You found it on level 2 of the Lair of Beasts)
Armour
 b - a +2 pair of gloves of hurling (worn)
 c - a +0 buckler (worn)
 q - a scarf of repulsion (worn)
 C - the +3 scale mail "Tyillugh" {rC+ rN+ Will+ Dex+3}
   (Okawaru gifted it to you on level 11 of the Dungeon)

   Dex:       It affects your dexterity (+3).
   rC:        It protects you from cold.
   rN:        It protects you from negative energy.
   Will:      It increases your willpower.
 L - a +2 plate armour of willpower (worn)
 Q - a +0 helmet (worn)
Jewellery
 j - the amulet "Nakycw" (around neck) {Reflect rPois rF+ Str+3 Int+3 SH+5}
   (You found it on level 10 of the Dungeon)

   [amulet of reflection]

   It reflects blocked missile attacks.
   Str:       It affects your strength (+3).
   Int:       It affects your intelligence (+3).
   rF:        It protects you from fire.
   rPois:     It protects you from poison.
   SH:        It affects your SH (+5).
 l - a +4 ring of protection (left hand)
 m - a +6 ring of intelligence
 p - a ring of protection from fire
 s - a ring of protection from cold
 u - a ring of flight (right hand)
 x - a ring of positive energy
 J - a ring of ice
 K - a ring of positive energy
Wands
 f - a wand of acid (13)
 v - a wand of flame (68)
 M - a wand of polymorph (11)
 O - a wand of mindburst (2)
Scrolls
 d - 7 scrolls of blinking
 h - 7 scrolls of teleportation
 n - 3 scrolls of poison
 z - 3 scrolls of enchant weapon
 A - 4 scrolls of fear
 E - 2 scrolls of magic mapping
 G - a scroll of fog
 H - 2 scrolls of butterflies {unknown}
Potions
 e - 3 potions of haste
 g - 2 potions of ambrosia
 i - 3 potions of magic
 k - 3 potions of brilliance
 o - 6 potions of curing
 r - 3 potions of cancellation
 t - 5 potions of might
 w - 2 potions of heal wounds
 D - a potion of invisibility {unknown}
 F - 2 potions of flight
 R - a potion of mutation
Miscellaneous
 N - a piece from Xom's chessboard (15/15)
 P - a phial of floods


   Skills:
 + Level 9.2 Fighting
 + Level 12.7 Axes
 + Level 9.1 Armour
 + Level 7.8 Shields
 * Level 8.6 Invocations
 * Level 7.3 Evocations


You had 12 spell levels left.
You didn't know any spells.
Your spell library contained the following spells:

 Spells                   Type           Power      Damage    Failure   Level
 Foxfire                  Conj/Fire      0%         2x1d4     99%         1
 Sandblast                Erth           0%         2d4       99%         1
 Sting                    Tmut/Pois      0%         1d3       99%         1
 Passwall                 Tmut/Erth      0%         N/A       100%        2
 Poisonous Vapours        Pois/Air       0%         N/A       100%        2
 Portal Projectile        Hex/Tloc       0%         N/A       100%        3
 Stone Arrow              Conj/Erth      0%         3d7       100%        3
 Olgreb's Toxic Radiance  Pois           0%         N/A       100%        4
 Blade Hands              Tmut           0%         N/A       100%        5
 Borgnjor's Vile Clutch   Necr/Erth      0%         N/A       100%        5
 Fireball                 Conj/Fire      0%         3d3       100%        5
 Freezing Cloud           Conj/Ice/Air   0%         6-21      100%        5
 Iron Shot                Conj/Erth      0%         9d1       100%        6
 Starburst                Conj/Fire      0%         6d3       100%        6
 Storm Form               Tmut/Air       0%         N/A       100%        7
 Maxwell's Capacitive Co  Air            0%         ∞         100%        8
 Polar Vortex             Ice            0%         N/A       100%        9
 Tukima's Dance           Hex            Unusable   N/A       N/A         3
 Animate Armour           Summ/Erth      Unusable   N/A       N/A         4
 Animate Dead             Necr           Unusable   N/A       N/A         4
 Summon Lightning Spire   Summ/Air       Unusable   N/A       N/A         4
 Death Channel            Necr           Unusable   N/A       N/A         6
 Simulacrum               Ice/Necr       Unusable   N/A       N/A         6

Dungeon Overview and Level Annotations

Branches:
Dungeon (11/15)            Temple (1/1) D:4            Lair (4/5) D:11
 Shoals (0/4) Lair:2       Spider (0/4) Lair:2          Orc (0/2) D:9
  Sewer (visited)         Ossuary (visited)         Gauntlet (visited)
  Slime: Lair:4-5

Altars:
Ashenzari
Cheibriados
Dithmenos
Elyvilon
Fedhas
Gozag
Hepliaklqana
Kikubaaqudgha
Makhleb
Nemelex Xobeh
Okawaru
Qazlal
Ru
Sif Muna
Uskayaw
Vehumet
Wu Jian
Xom
Yredelemnul
Zin
The Shining One

Shops:
D:4 [   D:5 *


Innate Abilities, Weirdness & Mutations

You are immune to sickness and miasma.
Your stone body is resilient. (AC +9)
You are immune to poison.
You resist negative energy. (rN+)
You are resistant to electric shocks. (rElec)
You are resistant to unholy torment.
You are immune to petrification.
You are mostly covered in iridescent scales. (AC +4)
You are clumsy. (Dex -2)
Your body sometimes deteriorates upon taking damage.


Message History

The ten-headed hydra bites you but does no damage. x2
The ten-headed hydra bites you!
The ten-headed hydra completely misses you.
You block the ten-headed hydra's attack.
The black mamba bites you but does no damage.
You block the ten-headed hydra's attack.
The ten-headed hydra bites you!
* * * LOW HITPOINT WARNING * * *
The ten-headed hydra bites you but does no damage. x5
The ten-headed hydra barely misses you. x2
The ten-headed hydra bites you but does no damage.
Unknown command.
You hack one of the ten-headed hydra's heads off!
The flame cauterises the wound!
You slash the nine-headed hydra! You burn the nine-headed hydra!
The nine-headed hydra is heavily wounded.
The black mamba bites you but does no damage.
You block the black mamba's attack. The nine-headed hydra bites you!
* * * LOW HITPOINT WARNING * * *
You block the nine-headed hydra's attack.
The nine-headed hydra bites you but does no damage. x3
You block the nine-headed hydra's attack.
The nine-headed hydra bites you but does no damage. x3
The black mamba bites you but does no damage.
You chop one of the nine-headed hydra's heads off!
The flame cauterises the wound!
You slash the eight-headed hydra! You burn the eight-headed hydra.
The eight-headed hydra is heavily wounded.
The black mamba bites you but does no damage.
The eight-headed hydra bites you but does no damage. x2
You block the eight-headed hydra's attack.
The eight-headed hydra bites you!
* * * LOW HITPOINT WARNING * * *
The eight-headed hydra bites you but does no damage.
The eight-headed hydra barely misses you.
The eight-headed hydra closely misses you.
The eight-headed hydra bites you but does no damage.
The black mamba bites you but does no damage.
The eight-headed hydra bites you.
You die...

#.................
#..................$
#.................P#
#....#'.###.......P##
#<..##.####.........
#..#.#'###........#
#.###....##......#
#................#...
#.......##@S.........
#.###...###D.....##..
#... ##.#.#.........#
##.P #.#..#......###
.............!
...............#
...............#
..............#


You could see an eight-headed hydra and a black mamba.

Vanquished Creatures
  A quicksilver ooze (Gauntlet)
  A minotaur (Gauntlet)
  Erica (D:9)
  A centaur warrior (D:11)
  A catoblepas (Gauntlet)
  A boulder beetle (D:11)
  2 two-headed ogres
  A lindwurm (Lair:3)
  An oklob plant (Lair:3)
  A manticore (D:11)
  2 ugly things
  Joseph (D:7)
  5 elephants (Lair:2)
  5 cane toads
  2 gargoyles
  An unseen horror (D:9)
  2 rime drakes
  3 komodo dragons
  3 trolls
  A hornet (D:10)
  5 blink frogs (Lair:2)
  A jumping spider (Lair:2)
  Sigmund (D:2)
  2 wyverns
  A wraith (D:11)
  14 yaks
  4 basilisks
  A steam dragon (D:10)
  2 wargs (D:11)
  Edmund (D:5)
  3 swamp worms (Gauntlet)
  2 acid dragons
  5 water moccasins
  An ice beast (D:6)
  3 black bears
  3 sky beasts (D:6)
  4 orc warriors
  An ogre (D:6)
  8 wolves
  5 centaurs
  A phantom (D:6)
  An elf zombie (Ossuary)
  A kobold brigand (D:10)
  5 bullfrogs
  A necrophage (D:6)
  3 scorpions
  An elf skeleton (D:4)
  4 wights (D:9)
  8 killer bees
  5 howler monkeys
  5 electric eels (D:10)
  5 orc priests
  2 human zombies (Ossuary)
  2 hounds (D:5)
  5 iguanas
  A jelly (D:5)
  A gnoll bouda (D:6)
  12 orc wizards
  4 mummies (Ossuary)
  4 gnolls (D:6)
  7 adders
  4 river rats (Sewer)
  A shadow imp (D:7)
  2 white imps
  2 ufetubi
  An adder zombie (Ossuary)
  2 worms (D:2)
  40 orcs
  12 bats
  7 endoplasms
  7 giant cockroaches
  6 goblins
  7 hobgoblins
  2 jackals (D:2)
  15 kobolds
  3 quokkas
  12 ball pythons
  9 frilled lizards
  A goblin zombie (Ossuary)
  2 hobgoblin zombies (Ossuary)
  3 orc skeletons (D:4)
  3 orc zombies
  13 rats
  4 rat zombies (Ossuary)
339 creatures vanquished.

Vanquished Creatures (others)
  10 fungi
  14 plants
  24 withered plants (Gauntlet)
48 creatures vanquished.

Grand Total: 387 creatures vanquished

Notes
Turn   | Place    | Note
-------+----------+-------------------------------------------
     0 | D:1      | bande the Gargoyle Fighter began the quest for the Orb.
     0 | D:1      | Reached XP level 1. HP: 14/14 MP: 1/1
    44 | D:1      | Reached XP level 2. HP: 11/19 MP: 2/2
   332 | D:1      | Reached skill level 2 in Axes
   463 | D:1      | Reached XP level 3. HP: 16/24 MP: 3/3
   839 | D:2      | Found a faded altar of an unknown god.
   895 | D:2      | Found a white marble altar of Elyvilon.
  1061 | D:2      | Noticed Sigmund
  1082 | D:2      | Killed Sigmund
  1083 | D:2      | Reached skill level 3 in Axes
  1083 | D:2      | Reached XP level 4. HP: 15/29 MP: 4/4
  1083 | D:2      | Reached XP level 5. HP: 18/33 MP: 5/5
  1481 | D:2      | Reached XP level 6. HP: 37/38 MP: 6/6
  2589 | D:4      | Identified a scroll of acquirement
  2589 | D:4      | Acquired 940 gold pieces
  2629 | D:4      | Reached skill level 4 in Axes
  2831 | D:4      | Found a sand-covered staircase.
  2838 | Ossuary  | Entered an ossuary
  2879 | Ossuary  | Reached skill level 5 in Axes
  2879 | Ossuary  | Reached XP level 7. HP: 27/44 MP: 7/7
  3339 | D:4      | Found a staircase to the Ecumenical Temple.
  3374 | D:4      | Found a shimmering altar of Xom.
  3374 | D:4      | Found a broken altar of Ashenzari.
  3374 | D:4      | Found a hide-covered altar of Uskayaw.
  3374 | D:4      | Found a basalt altar of Yredelemnul.
  3413 | D:5      | Entered Level 5 of the Dungeon
  3413 | D:5      | Noticed Edmund
  3434 | D:5      | Killed Edmund
  3607 | D:5      | Reached skill level 5 in Armour
  3612 | D:5      | Reached skill level 5 in Fighting
  3612 | D:5      | Reached skill level 6 in Axes
  3684 | D:5      | Reached XP level 8. HP: 49/49 MP: 8/8
  3685 | D:5      | Found Jeoqeh's Gadget Gallery.
  3828 | D:5      | Found a glowing drain.
  3853 | Sewer    | Entered a sewer
  4729 | Temple   | Entered the Ecumenical Temple
  4814 | Temple   | Became a worshipper of Warmaster Okawaru
  5066 | D:4      | Found Gapn's Antique Armour Boutique.
  5074 | D:4      | Bought a glowing chain mail for 180 gold pieces
  5074 | D:4      | Bought a pair of runed gloves for 180 gold pieces
  5078 | D:4      | Found an opulent altar of Gozag.
  5078 | D:4      | Found a snail-covered altar of Cheibriados.
  5078 | D:4      | Found a blossoming altar of Fedhas.
  5080 | D:4      | Found a hazy altar of Hepliaklqana.
  5110 | D:4      | Bought a pair of runed gloves for 180 gold pieces
  5128 | D:4      | Found a glowing golden altar of the Shining One.
  5567 | D:6      | Reached skill level 1 in Invocations
  5567 | D:6      | Reached skill level 1 in Evocations
  5643 | D:6      | Reached skill level 7 in Axes
  5709 | D:6      | Reached * piety under Okawaru
  5796 | D:6      | Found an ornate altar of the Wu Jian Council.
  5925 | D:6      | Reached XP level 9. HP: 32/54 MP: 10/10
  6050 | D:6      | Found a radiant altar of Vehumet.
  6113 | D:6      | Found a runed translucent door.
  6329 | D:6      | Reached skill level 8 in Axes
  6347 | D:6      | Reached ** piety under Okawaru
  6822 | D:6      | Reached skill level 5 in Shields
  7303 | D:7      | Noticed Joseph
  7315 | D:7      | Killed Joseph
  7789 | D:8      | Noticed a two-headed ogre
  7801 | D:8      | Killed a two-headed ogre
  7801 | D:8      | Reached *** piety under Okawaru
  7802 | D:8      | Reached skill level 9 in Axes
  7802 | D:8      | Reached XP level 10. HP: 32/61 MP: 11/13
  7935 | D:8      | Acquired a +1 broad axe of pain
  8101 | D:8      | Reached **** piety under Okawaru
  8122 | D:8      | Gained mutation: You are clumsy. (Dex -2) [potion of
                  | mutation]
  8122 | D:8      | Gained mutation: Your spells are a little harder to cast,
                  | but a little more powerful. [potion of mutation]
  8123 | D:8      | Lost mutation: You are clumsy. (Dex -2) [potion of
                  | mutation]
  8123 | D:8      | Lost mutation: Your spells are a little harder to cast, but
                  | a little more powerful. [potion of mutation]
  8123 | D:8      | Gained mutation: You are frail. (-10% HP) [potion of
                  | mutation]
  8123 | D:8      | Gained mutation: You are somewhat resistant to further
                  | mutation. [potion of mutation]
  8124 | D:8      | Lost mutation: You are somewhat resistant to further
                  | mutation. [potion of mutation]
  8124 | D:8      | Lost mutation: You are frail. (-10% HP) [potion of
                  | mutation]
  8124 | D:8      | Gained mutation: You are partially covered in iridescent
                  | scales. (AC +2) [potion of mutation]
  8124 | D:8      | Gained mutation: You have hidden genetic defects. [potion
                  | of mutation]
  8124 | D:8      | Gained mutation: You are mostly covered in iridescent
                  | scales. (AC +4) [potion of mutation]
  8763 | D:9      | Identified the +4 falchion of Cuufuir {vamp, *Corrode Int+2
                  | Stlth+}
  9003 | D:9      | Reached skill level 5 in Invocations
  9035 | D:9      | Killed an unseen horror
  9047 | D:9      | Gained mutation: Your body sometimes deteriorates upon
                  | taking damage. [hidden defects]
  9255 | D:9      | Noticed Erica
  9271 | D:9      | Killed Erica
  9472 | D:9      | Found a staircase to the Orcish Mines.
  9527 | D:9      | Gained mutation: You are clumsy. (Dex -2) [hidden defects]
  9527 | D:9      | Lost mutation: You have hidden genetic defects. [hidden
                  | defects expressed]
  9557 | D:9      | Identified the +8 trident of the Bashing Seeker {flame,
                  | *Slow Fragile rN+++ rCorr}
  9629 | D:10     | Entered Level 10 of the Dungeon
  9629 | D:10     | Noticed a purple ugly thing
  9639 | D:10     | Killed a purple ugly thing
  9640 | D:10     | Reached skill level 10 in Axes
  9640 | D:10     | Reached XP level 11. HP: 54/67 MP: 15/15
  9640 | D:10     | Reached ***** piety under Okawaru
  9641 | D:10     | Reached skill level 5 in Evocations
  9866 | D:10     | Found a burning altar of Makhleb.
  9925 | D:10     | Identified the amulet "Nakycw" {Reflect rPois rF+ Str+3
                  | Int+3 SH+5}
 10632 | D:11     | Noticed a boulder beetle
 10644 | D:11     | Killed a boulder beetle
 10753 | D:11     | Noticed a centaur warrior
 10754 | D:11     | Noticed a manticore
 10755 | D:11     | Noticed a wolf spider
 10755 | D:11     | Noticed a red ugly thing
 10756 | D:11     | Noticed a two-headed ogre
 11069 | D:11     | Found a staircase to the Lair.
 11129 | D:11     | Killed a centaur warrior
 11352 | D:11     | Killed a two-headed ogre
 11355 | D:11     | Identified the +3 scale mail "Tyillugh" {rC+ rN+ Will+
                  | Dex+3} (Okawaru gifted it to you on level 11 of the
                  | Dungeon)
 11355 | D:11     | Received a gift from Okawaru
 11477 | D:11     | Reached skill level 11 in Axes
 11490 | D:11     | Killed a red ugly thing
 11954 | D:11     | Killed a manticore
 12082 | Lair:1   | Entered Level 1 of the Lair of Beasts
 12261 | Lair:1   | Reached XP level 12. HP: 73/73 MP: 17/17
 12265 | Lair:1   | Reached ****** piety under Okawaru
 12922 | Lair:2   | Found a gate leading to a gauntlet.
 12931 | Gauntlet | Entered a Gauntlet
 12931 | Gauntlet | Found a transporter.
 12951 | Gauntlet | Noticed a catoblepas
 12954 | Gauntlet | Found a transporter.
 12956 | Gauntlet | Found a transporter.
 12958 | Gauntlet | Found a transporter.
 12977 | Gauntlet | Found a transporter.
 12993 | Gauntlet | Found a transporter.
 13038 | Gauntlet | Found a transporter.
 13040 | Gauntlet | Found a transporter.
 13056 | Gauntlet | Found a transporter.
 13074 | Gauntlet | Found a transporter.
 13116 | Gauntlet | Killed a catoblepas
 13536 | Gauntlet | Noticed a quicksilver ooze
 13538 | Gauntlet | Found a transporter.
 13544 | Gauntlet | Killed a quicksilver ooze
 13616 | Gauntlet | Noticed a death yak
 13616 | Gauntlet | Found a transporter.
 13617 | Gauntlet | Noticed a death yak
 13629 | Gauntlet | Noticed a minotaur
 13651 | Gauntlet | Killed a minotaur
 13741 | Gauntlet | Identified the +1 quarterstaff "Huemus" {antimagic, rCorr}
 13748 | Gauntlet | Identified the +6 scale mail of Death's Door {Str+3}
 13774 | Gauntlet | Found a transporter.
 13774 | Gauntlet | Noticed a death yak
 13908 | Lair:2   | Reached skill level 12 in Axes
 14077 | Lair:2   | Found a hole to the Spider Nest.
 14332 | Lair:2   | Found a staircase to the Shoals.
 14555 | Lair:2   | Found the +8 storm bow {elec, penet}
 14881 | Lair:3   | Received a gift from Okawaru
 15218 | Lair:3   | Found a radiant altar of Vehumet.
 15226 | Lair:3   | Reached XP level 13. HP: 63/80 MP: 19/19
 15904 | Lair:4   | HP: 4/80 [eight-headed hydra (8)]
 15904 | Lair:4   | Slain by an eight-headed hydra

Illustrated notes

Levels and vault maps discovered:
D:1:      reono_arrival_forest_river, layout_loops_ring,
          wander_ebering_terrifying_dragon_lair
D:2:      minmay_evil_eye, layout_basic, nicolae_ecumenical_oubliette,
          basic_altar, solitary_fountain, minivault_23, uniq_sigmund
D:3:      layout_loops_corners, minmay_misc_feat_square
D:4:      layout_basic, nicolae_overflows_in_rows,
          minmay_temple_entry_from_below_a, nicolae_ossuary_entry_catacombs,
          serial_shops, nicolae_shop_statue_plus
D:5:      layout_loops_ring, gup_sewer_entry_glass, nicolae_shop_gadgets,
          uniq_edmund
D:6:      nicolae_cairo_tiling_very_big, layout_cave_pools,
          nzn_wu_jian_council_hall, vehumet_altar_wand_db,
          lightli_church_of_beogh
D:7:      layout_rooms, serial_curves, eino_curves_03, eino_curves_04,
          uniq_joseph
D:8:      layout_cave_pools, serial_co_window_serial, co_window_corner_a,
          co_window_paths_a, co_window_corner_a, co_window_paths_b,
          co_window_corner_a, co_window_corner_b, co_window_2corner,
          co_window_unsneaky_path_a, co_window_cross_3,
          co_window_unsneaky_path_b, glass_columns_a, glass_columns_a,
          glass_columns_a
D:9:      layout_basic, orc_0_dummy, uniq_erica
D:10:     layout_basic, kennysheep_mini_moat, serial_bayou,
          serial_bayou_lagoon_a, serial_bayou_shore_a, serial_bayou_pond_a,
          serial_bayou_ford_a, serial_bayou_pond_b, roderic_cross_of_infinity
D:11:     hangedman_cross_stitches, layout_irregular_city,
          erik_lair_orcish_takeover
Temple:   hellmonk_temple_beads
Lair:1:   layout_regular_city, grunt_megastairs_3
Lair:2:   layout_gridlike, elwin_shoals_entry_rocks, spider_nest_entry_a,
          gauntlet_entry_generic
Lair:3:   layout_chaotic_city, basic_altar, lemuel_fruit_fields
Lair:4:   layout_regular_city, ebering_ghost_rock_garden, pf_torpor_hydra

Skill      XL: |  1  2  3  4  5  6  7  8  9 10 11 12 |
---------------+-------------------------------------+-----
Axes           | 2 3 5 6 7 9 10 11 12 | 12.7
Fighting       | 4 5 6 7 8 9 |  9.2
Armour         | 4 5 6 7 8 9 |  9.1
Shields        | 4 5 6 7 |  7.8
Invocations    | 2 4 5 7 8 |  8.6
Evocations     | 2 3 4 6 7 |  7.3

Action                     |  1- 3 |  4- 6 |  7- 9 | 10-12 | 13-15 || total
---------------------------+-------+-------+-------+-------+-------++-------
  Melee: War axe           |   125 |   166 |   430 |       |       ||   721
         Broad axe         |       |       |       |   551 |    41 ||   592
         Scimitar          |       |       |       |       |     3 ||     3
 Invoke: Heroism           |       |       |       |     1 |       ||     1
    Use: Potion            |     1 |       |       |     4 |     1 ||     6
         Scroll            |       |    10 |     2 |    17 |       ||    29
 Armour: Scale mail        |    92 |   121 |    71 |    82 |       ||   366
         Chain mail        |       |       |   187 |       |       ||   187
         Plate armour      |       |       |    82 |   376 |    84 ||   542
         Skin              |       |       |       |    11 |       ||    11
  Dodge: Dodged            |    75 |    92 |   159 |   179 |    25 ||   530
         Repelled          |       |       |       |     5 |     1 ||     6
  Block: Buckler           |    33 |    53 |   124 |   259 |    38 ||   507
         Reflection        |       |       |       |    13 |     1 ||    14

Table legend: (Time is in decaauts)
 A = Elapsed time spent in this place.
 B = Non-inter-level travel time spent in this place.
 C = Inter-level travel time spent in this place.
 D = Time resting spent in this place.
 E = Time spent auto-exploring this place.
 F = Levels seen in this place.
 G = Mean time per level.
                   A        B        C        D        E       F      G
               +--------+--------+--------+--------+--------+-----+--------+
         Total |  16230 |  15836 |    394 |   2217 |   9734 |  19 |  854.2 |
       Dungeon |  11410 |  11092 |    318 |   1528 |   6983 |  11 | 1037.3 |
        Temple |    151 |     86 |     65 |      0 |     73 |   1 |  151.0 |
          Lair |   2965 |   2954 |     11 |     99 |   2178 |   4 |  741.2 |
         Sewer |    411 |    411 |      0 |      0 |    264 |   1 |  411.0 |
       Ossuary |    431 |    431 |      0 |    163 |    154 |   1 |  431.0 |
      Gauntlet |    860 |    860 |      0 |    427 |     81 |   1 |  860.0 |
               +--------+--------+--------+--------+--------+-----+--------+

Top non-repeatable levels by time:
    D:11: 1534 daAuts
     D:5: 1422 daAuts
     D:6: 1173 daAuts
  Lair:2: 1068 daAuts
  Lair:3: 1030 daAuts
    D:10: 974 daAuts
     D:4: 972 daAuts
     D:8: 955 daAuts
     D:1: 940 daAuts
     D:9: 901 daAuts
     D:3: 895 daAuts
Gauntlet: 860 daAuts
     D:2: 846 daAuts
  Lair:1: 827 daAuts
     D:7: 790 daAuts
